 Dungeon Crawl Stone Soup version 0.30-a0-862-g1aabd4f9c5 (webtiles) character file.

Game seed: 13871417179585486687

594 cforsyth the Magician (level 7, -19/36 HPs)
             Began as a Deep Elf Earth Elementalist on Mar 8, 2023.
             Killed from afar by Eustachio (21 damage)
             ... with a bolt of dispelling energy
             ... on level 4 of the Dungeon.
             The game lasted 00:05:57 (3238 turns).

cforsyth the Magician (Deep Elf Earth Elementalist) Turns: 3238, Time: 00:05:57

Health: -19/36     AC:  4    Str:  5    XL:     7   Next: 16%
Magic:  9/17       EV: 19    Int: 22    God:
Gold:   203        SH:  0    Dex: 15    Spells: 15/16 levels left

rFire   . . .      SeeInvis .    (no weapon)
rCold   . . .      Faith    .    (no shield)
rNeg    . . .      Spirit   .    a - +0 robe
rPois   .          Reflect  .    (no helmet)
rElec   .          Rampage  .    (no cloak)
rCorr   .                        (no gloves)
Will    .....                    h - +1 pair of boots
Stlth   +++                      (no amulet)
HPRegen 0.26/turn                l - +5 ring of evasion
MPRegen 0.15/turn                (no ring)

@: no status effects
A: no striking features
a: no special abilities


You were on level 4 of the Dungeon.
You visited 1 branch of the dungeon, and saw 4 of its levels.
You also visited: Sewer.

You collected 203 gold pieces.

Inventory:

Armour
 a - a +0 robe (worn)
 h - a +1 pair of boots (worn)
Jewellery
 l - a +5 ring of evasion (left hand)
Scrolls
 e - a scroll of enchant armour
 j - a scroll of amnesia
 n - a scroll of noise {unknown}
 o - a scroll of magic mapping {unknown}
Potions
 b - 2 potions of magic
 c - 3 potions of lignification
 d - 3 potions of heal wounds
 f - 2 potions of haste
 g - 4 potions of brilliance
 i - 2 potions of mutation {unknown}
 k - 4 potions of curing
 m - a potion of ambrosia


   Skills:
 + Level 4.8 Dodging
 + Level 5.1 Stealth
 + Level 5.3 Spellcasting
 + Level 3.7 Transmutations
 + Level 4.9 Earth Magic


You had 15 spell levels left.
You knew the following spells:

 Your Spells              Type           Power      Damage    Failure   Level
a - Sandblast             Erth           54%        2d13      1%          1

Your spell library contained the following spells:

 Spells                   Type           Power      Damage    Failure   Level
 Passwall                 Tmut/Erth      20%        N/A       2%          2
 Stone Arrow              Conj/Erth      32%        3d9       11%         3
 Petrify                  Tmut/Erth      25%        N/A       16%         4


Dungeon Overview and Level Annotations

Branches:
Dungeon (4/15)              Sewer (visited)
 Temple: D:4-7

Altars:
Okawaru
Qazlal

Annotations:
D:4 Eustachio


Message History

Aim: Eustachio, wielding a +0 rapier, wearing a +0 leather armour and carrying a wand of quicksilver (7) (moderately wounded, 76% to hit)
The blast of sand hits Eustachio!
Eustachio is heavily wounded.
Eustachio hits you with a +0 rapier.
* * * LOW HITPOINT WARNING * * *
Eustachio mumbles some strange words.
Casting: Sandblast (safe; 1% risk of failure)
Confirm with . or Enter, or press ? or * to list all spells.
Aiming: Sandblast (safe; 1% risk of failure)
Press: ? - help, Shift-Dir - straight line, f/p - Eustachio
Aim: Eustachio, wielding a +0 rapier, wearing a +0 leather armour and carrying a wand of quicksilver (7) (heavily wounded, 76% to hit)
The blast of sand hits Eustachio!
Eustachio is almost dead.
The crimson imp misses you.
Eustachio casts a spell.
Casting: Sandblast (safe; 1% risk of failure)
Confirm with . or Enter, or press ? or * to list all spells.
Aiming: Sandblast (safe; 1% risk of failure)
Press: ? - help, Shift-Dir - straight line, f/p - Eustachio
Aim: Eustachio, wielding a +0 rapier, wearing a +0 leather armour and carrying a wand of quicksilver (7) (almost dead, 76% to hit)
The blast of sand misses Eustachio.
The blast of sand misses the white imp.
The crimson imp misses you.
Eustachio gestures wildly while chanting.
The iron imp sputters.
The white imp disappears for a moment.
The crimson imp blinks!
Eustachio misses you.
Casting: Sandblast (safe; 1% risk of failure)
Confirm with . or Enter, or press ? or * to list all spells.
Aiming: Sandblast (safe; 1% risk of failure)
Press: ? - help, Shift-Dir - straight line, f/p - Eustachio
Aim: Eustachio, wielding a +0 rapier, wearing a +0 leather armour and carrying a wand of quicksilver (7) (almost dead, 76% to hit)
The blast of sand misses Eustachio.
The blast of sand hits the white imp!
You kill the white imp!
The white imp disappears in a puff of smoke!
The river rat bites you!
* * * LOW HITPOINT WARNING * * *
The rat completely misses you.
The crimson imp blinks!
Eustachio zaps a wand.
The bolt of dispelling energy hits you!!
Ouch! That really hurt!
You die...

###.#### .##....##
######## ######
.##.....# #....).#
#.....
........#####.####.#
#.####
.................#.#
#.####
##......#####.##§#.#
##..... ##.....#
#.##.#.# #.....#
#.##### #...r§.#
#.....# #.# ####@###
#....## #+# #5@r#
#.##.## #r###
#.##.## #. #.##.## )
##.....# ..
########...#.## ..
..............# ##.
########...#.##
##......


You could see Eustachio, an iron imp (summoned), 2 river rats and a rat
(summoned).

Vanquished Creatures
  Sigmund (D:4)
  Menkaure (D:4)
  A centaur (D:4)
  An iguana (D:4)
  A hell rat (Sewer)
  2 adders (D:2)
  3 gnolls (D:2)
  4 river rats
  An ufetubus (D:4)
  3 worms
  A dart slug (D:1)
  2 orcs (D:4)
  2 ball pythons
  5 bats
  5 endoplasms
  4 giant cockroaches
  6 goblins
  6 hobgoblins
  4 jackals (D:3)
  6 kobolds
  4 quokkas
  3 frilled lizards
  10 rats
76 creatures vanquished.

Notes
Turn   | Place    | Note
-------+----------+-------------------------------------------
     0 | D:1      | cforsyth the Deep Elf Earth Elementalist began the quest
                  | for the Orb.
     0 | D:1      | Reached XP level 1. HP: 10/10 MP: 6/6
   228 | D:1      | Found a faded altar of an unknown god.
   232 | D:1      | Reached XP level 2. HP: 15/15 MP: 4/8
   702 | D:2      | Reached XP level 3. HP: 19/19 MP: 4/9
  1034 | D:2      | Reached XP level 4. HP: 24/24 MP: 6/11
  1092 | D:2      | Found an iron altar of Okawaru.
  2007 | D:4      | Found a stormy altar of Qazlal.
  2047 | D:4      | Noticed Sigmund
  2050 | D:4      | Killed Sigmund
  2051 | D:4      | Reached XP level 5. HP: 23/28 MP: 8/13
  2051 | D:4      | Reached XP level 6. HP: 26/32 MP: 8/14
  2241 | D:4      | Found a glowing drain.
  2245 | Sewer    | Entered a sewer
  2821 | D:4      | Noticed Menkaure
  2828 | D:4      | Killed Menkaure
  2829 | D:4      | Reached skill level 5 in Spellcasting
  3179 | D:4      | Reached XP level 7. HP: 36/36 MP: 14/16
  3230 | D:4      | Noticed Eustachio
  3233 | D:4      | Reached skill level 5 in Stealth
  3238 | D:4      | Killed from afar by Eustachio

Illustrated notes

Levels and vault maps discovered:
D:1:      tarquinn_simple_flora_water_c, layout_loops_ring,
          hellmonk_ecumenical_altar_blasted
D:2:      cheibrodos_greedy_goblins, layout_loops_ring, basic_altar,
          minmay_hexomino_p4
D:3:      kb_forest_paths, layout_rooms, palyth_stone_intersect,
          serial_park_tiny_pond, chequers_serial_rivers_micro_a,
          grunt_decor_mini_mirrors, chequers_serial_rivers_micro_b, uniq_ijyb
D:4:      minmay_clustersquares, layout_loops_corners, amcnicky_altar_gilded,
          gup_sewer_entry_bowl, uniq_sigmund, uniq_menkaure, uniq_eustachio

Skill      XL: |  1  2  3  4  5  6  7 |
---------------+----------------------+-----
Stealth        | 3 4 5 |  5.1
Dodging        | 3 4 |  4.8
Transmutations | 2 3 |  3.7
Spellcasting   | 4 5 |  5.3
Earth Magic    | 4 |  4.9

Action                     |  1- 3 |  4- 6 |  7- 9 || total
---------------------------+-------+-------+-------++-------
   Cast: Sandblast         |    44 |    84 |    10 ||   138
    Use: Scroll            |       |     9 |       ||     9
 Armour: Robe              |     3 |     4 |       ||     7
  Dodge: Dodged            |    13 |    59 |     7 ||    79

Table legend: (Time is in decaauts)
 A = Elapsed time spent in this place.
 B = Non-inter-level travel time spent in this place.
 C = Inter-level travel time spent in this place.
 D = Time resting spent in this place.
 E = Time spent auto-exploring this place.
 F = Levels seen in this place.
 G = Mean time per level.
                   A        B        C        D        E       F      G
               +--------+--------+--------+--------+--------+-----+--------+
         Total |   3328 |   3273 |     55 |    337 |   2192 |   5 |  665.6 |
       Dungeon |   2874 |   2819 |     55 |     20 |   2169 |   4 |  718.5 |
         Sewer |    454 |    454 |      0 |    317 |     22 |   1 |  454.0 |
               +--------+--------+--------+--------+--------+-----+--------+

Top non-repeatable levels by time:
     D:2: 979 daAuts
     D:4: 901 daAuts
     D:1: 682 daAuts
   Sewer: 454 daAuts
     D:3: 309 daAuts
